 Dungeon Crawl Stone Soup version 0.25.0-26-g0c896c7088 (webtiles) character file.

Game seed: 8675660544325660597

1112 protoss039 the Digger (level 8, -11/60 HPs)
             Began as a Demonspawn Earth Elementalist on July 5, 2020.
             Engulfed by a cloud of freezing vapour (13 damage)
             ... on level 5 of the Dungeon.
             The game lasted 00:18:03 (7164 turns).

protoss039 the Digger (DsEE)                        Turns: 7164, Time: 00:18:04

Health: -11/60     AC:  8    Str: 10    XL:     8   Next: 11%
Magic:  15/15      EV: 13    Int: 18    God:
Gold:   248        SH:  0    Dex: 13    Spells: 7/17 levels left

rFire    . . .     SeeInvis .   i - +0 dagger (drain)
rCold    . . .     Gourm    .   (no shield)
rNeg     . . .     Faith    .   c - +0 robe
rPois    .         Spirit   .   (no helmet)
rElec    .         Reflect  .   o - +0 cloak
rCorr    .         Harm     .   w - +2 pair of gloves
MR       .....                  (no boots)
Stlth    ++........             (no amulet)
HPRegen  0.20/turn              e - ring of flight
MPRegen  0.14/turn              (no ring)

@: flying
A: talons 2, icy blue scales 1, demonic guardian 1
a: no special abilities


You were on level 5 of the Dungeon.
You were hungry.

You visited 1 branch of the dungeon, and saw 5 of its levels.

You collected 248 gold pieces.

Inventory:

Hand Weapons
 i - a +0 dagger of draining (weapon)
 q - a +2 whip of freezing
 u - a +4 quarterstaff of chaos
Missiles
 b - 154 stones (quivered)
Armour
 c - a +0 robe (worn)
 o - a +0 cloak (worn)
 t - a +1 ring mail of cold resistance
 w - a +2 pair of gloves (worn)
Jewellery
 e - a ring of flight (left hand)
 r - a +6 ring of strength {unknown}
 v - an uncursed ring of see invisible {unknown}
Wands
 k - a wand of iceblast (7)
Scrolls
 a - a scroll of blinking {unknown}
 f - 4 scrolls of remove curse {unknown}
 g - 5 scrolls of identify {unknown}
 h - a scroll of teleportation {unknown}
 m - 2 scrolls of amnesia {unknown}
 p - a scroll of enchant weapon {unknown}
Potions
 j - a potion of degeneration {unknown}
 l - 2 potions of curing {unknown}
 n - a potion of heal wounds {unknown}
 s - a potion of stabbing {unknown}
 z - a potion of haste
 A - a potion of flight
Comestibles
 d - 6 rations


   Skills:
 + Level 4.0 Fighting
 - Level 0.2 Short Blades
 - Level 3.0 Dodging
 - Level 2.0 Stealth
 + Level 5.3 Spellcasting
 + Level 1.8 Conjurations
 + Level 0.8 Transmutations
 + Level 5.6 Earth Magic


You had 7 spell levels left.
You knew the following spells:

 Your Spells              Type           Power        Failure   Level  Hunger
a - Sandblast             Erth           ####..       1%          1    None
b - Passwall              Tmut/Erth      ###.....     4%          2    #......
c - Stone Arrow           Conj/Erth      ###...       9%          3    ##.....
d - Petrify               Tmut/Erth      ###.....     32%         4    ####...

Your spell library contained the following spells:

 Spells                   Type           Power        Failure   Level  Hunger
 Lee's Rapid Deconstruct  Erth           ####......   34%         5    ######.


Dungeon Overview and Level Annotations

Branches:
Dungeon (5/15)
 Temple: D:4-7

Altars:
Nemelex Xobeh
The Shining One

Shops:
D:5 (


Innate Abilities, Weirdness & Mutations

You have razor-sharp toenails.
You are partially covered in icy blue scales. (AC +2)
A weak demonic guardian rushes to your aid.


Message History

No target in view!
No target in view!
Found a runed chain mail.
Found a scale mail.
Unknown command.
As you open the door, it creaks loudly!
Found a chain mail.
There is an open door here.
Really walk into a travel-excluded area?
You are engulfed in freezing vapours.
You are engulfed in freezing vapours.
You are engulfed in freezing vapours.
You are engulfed in freezing vapours.
* * * LOW HITPOINT WARNING * * *
Unknown command.
Okay, then.
It was a potion of flight.
You feel very buoyant.
You fly up into the air.
You are engulfed in freezing vapours.
You die...

#### #........)..#
#.# ###'#.....<.#
#.# #.........# #.#
#####.......#.#
#.#######.#
#.........#
##########..########
###########'###
○°°°°°°°@°°..##
###############
○°°°°°°°°:[[(##
###############
###############


There were no monsters in sight!

Vanquished Creatures
  A sky beast (D:5)
  A slave (D:4)
  A centaur (D:5)
  A phantom (D:5)
  2 scorpions
  A crimson imp (D:5)
  3 worker ants
  Crazy Yiuf (D:4)
  10 adders
  A white imp (D:4)
  An ooze (D:5)
  5 worms
  4 dart slugs
  3 leopard geckos
  10 orcs
  7 bats (D:1)
  5 giant cockroaches
  7 hobgoblins
  8 jackals
  3 kobolds (D:1)
  3 quokkas
  3 ball pythons
  2 frilled lizards (D:1)
  5 goblins
  2 goblin zombies (D:4)
  A hobgoblin zombie (D:4)
  2 kobold skeletons (D:4)
  2 kobold zombies (D:4)
  A leopard gecko skeleton (D:4)
  3 rats
99 creatures vanquished.

Vanquished Creatures (collateral kills)
  Pikel (D:4)
  3 slaves (D:4)
  A sky beast (D:5)
  An ice beast (D:5)
  A scorpion (D:4)
  A crimson imp (D:5)
  A jelly (D:5)
  An orc wizard (D:3)
  An orc (D:3)
  A jackal (D:5)
12 creatures vanquished.

Grand Total: 111 creatures vanquished

Notes
Turn   | Place    | Note
-------+----------+-------------------------------------------
     0 | D:1      | protoss039 the Demonspawn Earth Elementalist began the
                  | quest for the Orb.
     0 | D:1      | Reached XP level 1. HP: 13/13 MP: 3/3
   272 | D:1      | Gained mutation: A weak demonic guardian rushes to your
                  | aid. [demonic ancestry]
   272 | D:1      | Reached XP level 2. HP: 7/19 MP: 0/5
  1267 | D:1      | Reached XP level 3. HP: 20/25 MP: 2/6
  1810 | D:1      | Learned a level 2 spell: Passwall
  1814 | D:1      | Learned a level 3 spell: Stone Arrow
  1817 | D:2      | Found a faded altar of an unknown god.
  2456 | D:2      | Gained mutation: You have sharp toenails. [demonic
                  | ancestry]
  2456 | D:2      | Reached XP level 4. HP: 29/31 MP: 8/8
  2739 | D:2      | Found a sparkling altar of Nemelex Xobeh.
  3064 | D:2      | Reached skill level 1 in Fighting
  3756 | D:3      | Gained mutation: You are partially covered in icy blue
                  | scales. (AC +2) [demonic ancestry]
  3756 | D:3      | Reached XP level 5. HP: 37/37 MP: 9/9
  4060 | D:3      | Learned a level 4 spell: Petrify
  4127 | D:4      | Noticed a slave
  4128 | D:4      | Noticed a slave
  4129 | D:4      | Noticed Pikel
  4133 | D:4      | Noticed a slave
  4135 | D:4      | Noticed a slave
  4160 | D:4      | Killed a slave
  4166 | D:4      | Killed a slave
  4171 | D:4      | Killed a slave
  4172 | D:4      | Killed a slave
  4180 | D:4      | Killed Pikel
  4180 | D:4      | Reached skill level 1 in Conjurations
  4180 | D:4      | Reached XP level 6. HP: 9/44 MP: 6/11
  4544 | D:4      | Found a glowing golden altar of the Shining One.
  5561 | D:4      | Found a runed translucent door.
  5562 | D:4      | Noticed Crazy Yiuf
  5618 | D:4      | Reached XP level 7. HP: 50/50 MP: 13/13
  5832 | D:4      | Killed Crazy Yiuf
  6122 | D:5      | Entered Level 5 of the Dungeon
  6200 | D:5      | Reached skill level 5 in Earth Magic
  6499 | D:5      | Found Tyec's Antique Weapon Emporium.
  6671 | D:5      | Reached skill level 5 in Spellcasting
  6898 | D:5      | Gained mutation: You have razor-sharp toenails. [demonic
                  | ancestry]
  6898 | D:5      | Reached XP level 8. HP: 60/60 MP: 15/15
  7163 | D:5      | HP: 1/60 [something (19)]
  7164 | D:5      | Engulfed by a cloud of freezing vapour

Illustrated notes

Levels and vault maps discovered:
D:1:      wander_arrival_lonely_grave, layout_rooms, minmay_split_cup_large
D:2:      layout_basic, nemelex_xobeh_ov_fountains_minmay,
          chequers_ecumenical_altar_simple, first_ration
D:3:      layout_rooms, minmay_misc_feat_rugged
D:4:      layout_gridville, nicolae_tso_besieged_by_evil, uniq_pikel,
          uniq_crazy_yiuf_cottage
D:5:      lemuel_ice_spiral_2, layout_basic, serial_shops, kennysheep_mini_moat

Skill      XL: |  1  2  3  4  5  6  7  8 |
---------------+-------------------------+-----
Dodging        | 2 3 |  3.0
Stealth        | 2 |  2.0
Earth Magic    | 3 4 5 |  5.6
Fighting       | 1 2 3 4 |  4.0
Spellcasting   | 3 4 5 |  5.3
Conjurations   | 1 |  1.8
Short Blades   | |  0.2
Transmutations | |  0.8

Action                   |  1- 3 |  4- 6 |  7- 9 || total
-------------------------+-------+-------+-------++-------
Melee: Unarmed           |    70 |       |       ||    70
       Dagger            |    58 |   163 |    83 ||   304
       Hand axe          |     7 |       |       ||     7
       Kick              |       |    36 |    30 ||    66
       Whip              |       |    37 |    99 ||   136
 Cast: Sandblast         |    32 |    10 |     2 ||    44
       Stone Arrow       |     2 |     4 |       ||     6
  Use: Potion            |       |       |     1 ||     1
 Stab: Sleeping          |     1 |     3 |     2 ||     6
       Distracted        |       |     1 |     3 ||     4
  Eat: Chunk             |     6 |    10 |     5 ||    21
Armor: Robe              |    39 |    31 |    71 ||   141
Dodge: Dodged            |   113 |   122 |   130 ||   365
